 Dungeon Crawl Stone Soup version 0.24.0-37-gcf1ca852f1 (webtiles) character file.

Game seed: 13461850156674739934, levelgen mode: deterministic

468 FishyPogo the Conjurer (level 7, -9/50 HPs)
             Began as a Gnoll Conjurer on Nov 30, 2019.
             Was a Follower of Okawaru.
             Killed by divine providence
             ... invoked by an orc priest
              (13 damage)
             ... on level 4 of the Dungeon.
             The game lasted 00:14:31 (2521 turns).

FishyPogo the Conjurer (Gnoll Conjurer)             Turns: 2521, Time: 00:14:32

Health: -9/50      AC:  7    Str: 11    XL:     7   Next: 8%
Magic:  0/15       EV: 13    Int: 18    God:    Okawaru [*.....]
Gold:   213        SH:  0    Dex: 20    Spells: 7/17 levels left

rFire    . . .     SeeInvis .   l - -1 mace (curse)
rCold    . . .     Gourm    .   (no shield)
rNeg     . . .     Faith    .   e - +0 ring mail (curse)
rPois    .         Spirit   .   n - +0 helmet
rElec    .         Reflect  .   w - +0 cloak
rCorr    .         Harm     .   (no gloves)
MR       .....                  (no boots)
Stlth    ++........             (no amulet)
HPRegen  0.16/turn              u - +4 ring of dexterity
MPRegen  0.14/turn              (no ring)

@: no status effects
A: distributed training, fangs 1, strong nose
a: Heroism, Renounce Religion


You were on level 4 of the Dungeon.
You worshipped Okawaru.
Okawaru was aware of your devotion.
You were not hungry.

You visited 1 branch of the dungeon, and saw 4 of its levels.

You collected 213 gold pieces.

Inventory:

Hand Weapons
 k - a +6 whip of freezing
 l - a cursed -1 mace (weapon)
 p - a +4 mace
 v - a +3 quarterstaff of chaos
Missiles
 j - 126 stones (quivered)
 r - 3 boomerangs
 z - 2 silver boomerangs
Armour
 e - a cursed +0 ring mail (worn)
 n - a +0 helmet (worn)
 w - a +0 cloak (worn)
Magical Staves
 x - an uncursed staff of fire {unknown}
Jewellery
 u - a +4 ring of dexterity (left hand)
Wands
 A - a wand of digging (6)
Scrolls
 a - a scroll of immolation
 g - 6 scrolls of identify
 y - a scroll of amnesia
Potions
 d - 2 potions of curing {unknown}
 f - 2 potions of haste {unknown}
 h - a potion of agility {unknown}
 i - 2 potions of mutation {unknown}
 m - 2 potions of might
 o - a potion of lignification {unknown}
 q - 2 potions of heal wounds {unknown}
 s - a potion of degeneration {unknown}
 t - a potion of flight {unknown}
Comestibles
 b - 3 chunks of flesh
 c - 6 rations


   Skills:
 + Level 2.2 Fighting
 + Level 2.2 Short Blades
 + Level 2.2 Long Blades
 + Level 2.2 Axes
 + Level 2.2 Maces & Flails
 + Level 2.2 Polearms
 + Level 2.2 Staves
 + Level 2.2 Slings
 + Level 2.2 Bows
 + Level 2.2 Crossbows
 + Level 2.2 Throwing
 + Level 2.2 Armour
 + Level 5.1 Dodging
 + Level 4.7 Stealth
 + Level 2.2 Shields
 + Level 2.2 Unarmed Combat
 + Level 5.5 Spellcasting
 + Level 7.3 Conjurations
 + Level 1.8 Hexes
 + Level 1.8 Charms
 + Level 1.8 Summonings
 + Level 1.8 Necromancy
 + Level 1.8 Translocations
 + Level 1.8 Transmutations
 + Level 1.8 Fire Magic
 + Level 1.8 Ice Magic
 + Level 1.8 Air Magic
 + Level 1.8 Earth Magic
 + Level 1.8 Poison Magic
 + Level 2.4 Invocations
 + Level 2.2 Evocations


You had 7 spell levels left.
You knew the following spells:

 Your Spells              Type           Power        Failure   Level  Hunger
a - Magic Dart            Conj           ####         1%          1    None
c - Searing Ray           Conj           ####..       2%          2    #......
d - Dazzling Spray        Conj/Hex       ###...       14%         3    ##.....
p - Iskenderun's Mystic   Conj           ####....     14%         4    ####...

Your spell library contained the following spells:

 Spells                   Type           Power        Failure   Level  Hunger
 Force Lance              Conj/Tloc      ###.....     41%         4    ####...
 Fulminant Prism          Conj/Hex       ###.......   41%         4    ####...


Dungeon Overview and Level Annotations

Branches:
Dungeon (4/15)             Temple (0/1) D:4

Altars:
Kikubaaqudgha
Okawaru

Annotations:
D:4 1 runed translucent door, Eustachio


Innate Abilities, Weirdness & Mutations

Your experience applies equally to all skills.
You have very sharp teeth.
Your uncanny sense of smell can sniff out nearby items.


Message History

The orc priest is heavily wounded.
The orc priest hits you but does no damage.
Something hits you.
* * * LOW HITPOINT WARNING * * *
You hit the orc priest but do no damage.
The orc priest is heavily wounded.
The orc priest barely misses you. Something hits you but does no damage.
You hit the orc priest but do no damage.
The orc priest is heavily wounded.
The orc priest hits you but does no damage.
Something hits you but does no damage.
You hit the orc priest.
The orc priest is severely wounded.
The orc priest calls down the wrath of Beogh upon you.
Pain shoots through your body!
* * * LOW HITPOINT WARNING * * *
Something barely misses you. Something hits you but does no damage.
The orc priest mumbles some strange prayers to Beogh against you.
Beogh smites you!
You die...

#..........#
...<#.........
..####........
####### #......... #
#.....# ##...##...
#.#.....# ###..##..
#.#.....### #...#...
#oo..>..'.###.......
#@....#.##..##.#.>
#.....#....#####..
#.....###..# ##.
###'### #.## #..
#.#.# #.#####...
#...# #.........
##(.####........
#....##........
#....###....#..


You could see an orc priest and an orc.

Vanquished Creatures
  A phantom (D:4)
  A bullfrog (D:3)
  Crazy Yiuf (D:2)
  An orc wizard (D:4)
  2 orc priests (D:4)
  Jessica (D:2)
  A gnoll (D:2)
  Robin (D:3)
  4 adders
  An ooze (D:3)
  2 worms (D:3)
  3 leopard geckos
  8 orcs
  5 bats
  4 giant cockroaches
  21 goblins
  14 hobgoblins
  12 kobolds
  A quokka (D:3)
  3 ball pythons
  7 frilled lizards
  A jackal skeleton (D:4)
  A leopard gecko skeleton (D:4)
  5 rats
101 creatures vanquished.

Notes
Turn   | Place    | Note
-------+----------+-------------------------------------------
     0 | D:1      | FishyPogo the Gnoll Conjurer began the quest for the Orb.
     0 | D:1      | Reached XP level 1. HP: 13/13 MP: 6/6
   161 | D:1      | Reached XP level 2. HP: 19/19 MP: 3/7
   486 | D:1      | Reached XP level 3. HP: 25/25 MP: 1/9
   574 | D:2      | Reached skill level 5 in Spellcasting
   681 | D:2      | Reached skill level 1 in Invocations
   698 | D:2      | Found an iron altar of Okawaru.
   699 | D:2      | Reached skill level 1 in Fighting
   699 | D:2      | Reached skill level 1 in Short Blades
   699 | D:2      | Reached skill level 1 in Long Blades
   699 | D:2      | Reached skill level 1 in Axes
   699 | D:2      | Reached skill level 1 in Maces & Flails
   699 | D:2      | Reached skill level 1 in Polearms
   699 | D:2      | Reached skill level 1 in Staves
   699 | D:2      | Reached skill level 1 in Slings
   699 | D:2      | Reached skill level 1 in Bows
   699 | D:2      | Reached skill level 1 in Crossbows
   699 | D:2      | Reached skill level 1 in Throwing
   699 | D:2      | Reached skill level 1 in Armour
   699 | D:2      | Reached skill level 1 in Shields
   699 | D:2      | Reached skill level 1 in Unarmed Combat
   699 | D:2      | Reached skill level 1 in Evocations
   708 | D:2      | Became a worshipper of Warmaster Okawaru
   859 | D:2      | Reached XP level 4. HP: 29/32 MP: 8/11
   887 | D:2      | Noticed Jessica
   894 | D:2      | Killed Jessica
   894 | D:2      | Reached skill level 1 in Hexes
   894 | D:2      | Reached skill level 1 in Charms
   894 | D:2      | Reached skill level 1 in Summonings
   894 | D:2      | Reached skill level 1 in Necromancy
   894 | D:2      | Reached skill level 1 in Translocations
   894 | D:2      | Reached skill level 1 in Transmutations
   894 | D:2      | Reached skill level 1 in Fire Magic
   894 | D:2      | Reached skill level 1 in Ice Magic
   894 | D:2      | Reached skill level 1 in Air Magic
   894 | D:2      | Reached skill level 1 in Earth Magic
   894 | D:2      | Reached skill level 1 in Poison Magic
   999 | D:2      | Found an ancient bone altar of Kikubaaqudgha.
  1054 | D:2      | Found a runed translucent door.
  1055 | D:2      | Noticed Crazy Yiuf
  1150 | D:3      | Learned a level 4 spell: Iskenderun's Mystic Blast
  1154 | D:3      | Learned a level 3 spell: Dazzling Spray
  1157 | D:3      | Learned a level 2 spell: Searing Ray
  1179 | D:3      | Reached XP level 5. HP: 10/37 MP: 4/12
  1293 | D:3      | Noticed Robin
  1485 | D:2      | Killed Crazy Yiuf
  1586 | D:3      | Killed Robin
  1786 | D:3      | Reached * piety under Okawaru
  1786 | D:3      | Reached XP level 6. HP: 27/44 MP: 5/13
  2056 | D:4      | Noticed Eustachio
  2083 | D:4      | Reached skill level 5 in Dodging
  2246 | D:4      | Noticed a phantom
  2260 | D:4      | Killed a phantom
  2293 | D:4      | Found a runed translucent door.
  2346 | D:4      | Reached XP level 7. HP: 48/50 MP: 8/15
  2481 | D:4      | Found a staircase to the Ecumenical Temple.
  2521 | D:4      | Killed from afar by an orc priest

Levels and vault maps discovered:
D:1:      minmay_arrival_five_plusses, layout_basic
D:2:      layout_basic, lemuel_doored_altar, okawaru_altar_gauntlet_db,
          serial_glass, glass_columns_b, glass_columns_c, feat_on_display,
          guppyfry_early_orc_mine, uniq_jessica, uniq_crazy_yiuf_cottage
D:3:      layout_loops_cross, uniq_robin
D:4:      layout_cave_pools, tgw_trog, temple_green, first_ration,
          ebering_ghost_sewer_d, chequers_serial_rivers_micro_d,
          uniq_blork_the_orc, uniq_eustachio

Skill      XL: |  1  2  3  4  5  6 |
---------------+-------------------+-----
Spellcasting   | 5 |  5.5
Invocations    | 1 2 |  2.4
Fighting       | 1 2 |  2.2
Short Blades   | 1 2 |  2.2
Long Blades    | 1 2 |  2.2
Axes           | 1 2 |  2.2
Maces & Flails | 1 2 |  2.2
Polearms       | 1 2 |  2.2
Staves         | 1 2 |  2.2
Slings         | 1 2 |  2.2
Bows           | 1 2 |  2.2
Crossbows      | 1 2 |  2.2
Throwing       | 1 2 |  2.2
Armour         | 1 2 |  2.2
Shields        | 1 2 |  2.2
Unarmed Combat | 1 2 |  2.2
Evocations     | 1 2 |  2.2
Hexes          | 1 |  1.8
Charms         | 1 |  1.8
Summonings     | 1 |  1.8
Necromancy     | 1 |  1.8
Translocations | 1 |  1.8
Transmutations | 1 |  1.8
Fire Magic     | 1 |  1.8
Ice Magic      | 1 |  1.8
Air Magic      | 1 |  1.8
Earth Magic    | 1 |  1.8
Poison Magic   | 1 |  1.8
Dodging        | 5 |  5.1
Stealth        | |  4.7
Conjurations   | |  7.3

Action                   |  1- 3 |  4- 6 |  7- 9 || total
-------------------------+-------+-------+-------++-------
Melee: Unarmed           |    21 |       |       ||    21
       Bite              |     3 |     6 |       ||     9
       Great sword       |    12 |    24 |       ||    36
       Mace              |       |    30 |     3 ||    33
       Short sword       |       |    12 |       ||    12
Throw: Stone             |       |     1 |       ||     1
 Cast: Magic Dart        |    52 |    90 |    28 ||   170
       Searing Ray       |       |     4 |       ||     4
  Use: Scroll            |       |     7 |     1 ||     8
       Potion            |       |     1 |       ||     1
 Stab: Sleeping          |     3 |     4 |       ||     7
       Distracted        |       |     1 |       ||     1
  Eat: Chunk             |       |     5 |       ||     5
Armor: Ring mail         |    14 |    45 |     9 ||    68
Dodge: Dodged            |    34 |    74 |     6 ||   114
       Rpst.: Great sword |     2 |    11 |       ||    13
